 Dungeon Crawl Stone Soup version 0.30-a0-852-g08b95dd62f (webtiles) character file.

Game seed: 17995646469774519412

126 ProzacElf the Sneak (level 4, -4/23 HPs)
             Began as a Spriggan Delver on Mar 5, 2023.
             Slain by a mummy (9 damage)
             ... in an ossuary.
             The game lasted 00:04:53 (594 turns).

ProzacElf the Sneak (Spriggan Delver)                Turns: 594, Time: 00:04:53

Health: -4/23      AC:  2    Str:  8    XL:     4   Next: 83%
Magic:  5/5        EV: 19    Int: 13    God:
Gold:   30         SH:  0    Dex: 16    Spells: 3/3 levels left

rFire   . . .      SeeInvis +    h - +0 short sword (freeze)
rCold   . . .      Faith    .    (no shield)
rNeg    . . .      Spirit   .    b - +0 robe
rPois   .          Reflect  .    (helmet restricted)
rElec   .          Rampage  .    (no cloak)
rCorr   .                        (gloves unavailable)
Will    .....                    (boots unavailable)
Stlth   ++++                     (no amulet)
HPRegen 0.23/turn                (no ring)
MPRegen 0.09/turn                (no ring)

@: very quick
A: very small, no large weapons, unfitting armour, see invisible, speed 3
a: no special abilities


You were in an ossuary.
You visited 1 branch of the dungeon, and saw 2 of its levels.
You also visited: Ossuary.

You collected 30 gold pieces.

Inventory:

Hand Weapons
 a - a +0 short sword
 h - a +0 short sword of freezing (weapon)
Armour
 b - a +0 robe (worn)
Wands
 g - a wand of digging (3)
Scrolls
 c - a scroll of fog
 d - a scroll of magic mapping
 e - a scroll of fear
Potions
 f - a potion of haste


   Skills:
 - Level 2.5 Fighting
 + Level 4.1 Short Blades
 + Level 4.9 Dodging
 - Level 7.5 Stealth


You had 3 spell levels left.
You didn't know any spells.
Your spell library contained the following spells:

 Spells                   Type           Power      Damage    Failure   Level
 Lesser Beckoning         Tloc           0%         N/A       43%         2
 Gell's Gravitas          Tloc           0%         N/A       67%         3
 Teleport Other           Tloc           0%         N/A       67%         3


Dungeon Overview and Level Annotations

Branches:
Dungeon (5/15)            Ossuary (1/1)
 Temple: D:4-7

Altars:

Annotations:
D:5 Grinder


Innate Abilities, Weirdness & Mutations

You are very small and have problems with some larger weapons.
You are too small for most types of armour.
You have supernaturally acute eyesight. (SInv)
You cover ground extremely quickly. (Speed+++)


Message History

Tha kobold zombie hits ye.
Ye take 1 damage, an' haf 22/23 hp.
Ye hit tha kobold zombie.
Yer punch misses tha kobold zombie.
Tha kobold zombie be moderately damaged.
Ye hit tha kobold zombie.
Tha kobold zombie be almost destroyed.
Tha kobold zombie hits ye.
Ye take 1 damage, an' haf 21/23 hp.
Ye barely miss tha kobold zombie.
Tha kobold zombie be almost destroyed.
Ye barely miss tha kobold zombie.
Tha kobold zombie be almost destroyed.
Tha kobold zombie misses ye.
Tha orc zombie misses ye.
Ye hit tha kobold zombie.
Ye destroy tha kobold zombie!
Ye hit tha orc zombie.
Tha orc zombie be heavily damaged.
Tha orc zombie misses ye.
Ye hit tha orc zombie.
Tha orc zombie be severely damaged.
Tha orc zombie misses ye.
Ye hit tha orc zombie.
Ye destroy tha orc zombie!
Ye hit tha mummy.
Tha mummy be lightly damaged.
Tha mummy barely misses ye.
Ye completely miss tha mummy.
Tha mummy be lightly damaged.
Ye hit tha mummy but do nay damage.
Tha mummy be lightly damaged.
Tha mummy hits ye!!
Ouch! Tha re'lly hurt!
* * * LOW HITPOINT WARNIN'
* * * Ye take 17 damage, an' haf 5/23 hp.
MASSIVE DAMAGE!!
Ye hit tha mummy but do nay damage.
Tha mummy be lightly damaged.
Ye barely miss tha mummy.
Tha mummy be lightly damaged.
Tha mummy hits ye!
Ye die...

...........Z
.Z.........
#........
#......
#....#
#....#
#....#
#.M..#
#.@..#
#....#
#....#
#....#
#.∩∩.#
######


You could see a mummy.

Vanquished Creatures
  A scorpion (D:4)
  An orc wizard (D:4)
  A mummy (Ossuary)
  An adder (D:4)
  A worm (D:4)
  4 orcs (D:4)
  An endoplasm (D:4)
  2 goblins (D:4)
  A kobold (D:4)
  A ball python (D:4)
  A hobgoblin zombie (Ossuary)
  4 kobold zombies (Ossuary)
  2 orc zombies (Ossuary)
21 creatures vanquished.

Notes
Turn   | Place    | Note
-------+----------+-------------------------------------------
     0 | D:5      | ProzacElf the Spriggan Delver began the quest for the Orb.
     0 | D:5      | Reached XP level 1. HP: 11/11 MP: 2/2
     9 | D:5      | Noticed Grinder
   177 | D:4      | Noticed a scorpion
   183 | D:4      | Killed a scorpion
   184 | D:4      | Reached XP level 2. HP: 16/16 MP: 3/3
   184 | D:4      | Reached XP level 3. HP: 19/19 MP: 4/4
   252 | D:4      | Reached XP level 4. HP: 14/23 MP: 5/5
   375 | D:4      | Noticed a phantom
   441 | D:4      | Found a sand-covered staircase.
   446 | Ossuary  | Entered an ossuary
   594 | Ossuary  | Slain by a mummy

Illustrated notes

Levels and vault maps discovered:
D:4:      nicolae_BIG_FREAKIN_CUBE, layout_rooms, serial_shops,
          nicolae_lakefront_shop, nicolae_ossuary_entry_false_entrances,
          minmay_misc_feat_pillars, minivault_26, lightli_minifort
D:5:      layout_basic, grunt_gozag_statues, lemuel_crystal_altar, uniq_grinder
Ossuary:  ossuary_tomb_3

Skill      XL: |  1  2  3  4 |
---------------+-------------+-----
Short Blades   | 3 4 |  4.1
Dodging        | 4 |  4.9
Fighting       | |  2.5
Stealth        | |  7.5

Action                     |  1- 3 |  4- 6 || total
---------------------------+-------+-------++-------
  Melee: Short sword       |    28 |    80 ||   108
    Use: Potion            |     2 |       ||     2
   Stab: Sleeping          |     2 |       ||     2
         Distracted        |       |     1 ||     1
 Armour: Robe              |     5 |     4 ||     9
  Dodge: Dodged            |    15 |    26 ||    41

Table legend: (Time is in decaauts)
 A = Elapsed time spent in this place.
 B = Non-inter-level travel time spent in this place.
 C = Inter-level travel time spent in this place.
 D = Time resting spent in this place.
 E = Time spent auto-exploring this place.
 F = Levels seen in this place.
 G = Mean time per level.
                   A        B        C        D        E       F      G
               +--------+--------+--------+--------+--------+-----+--------+
         Total |    444 |    444 |      0 |    108 |     11 |   3 |  148.0 |
       Dungeon |    319 |    319 |      0 |     75 |     11 |   2 |  159.5 |
       Ossuary |    125 |    125 |      0 |     32 |      0 |   1 |  125.0 |
               +--------+--------+--------+--------+--------+-----+--------+

Top non-repeatable levels by time:
     D:4: 295 daAuts
 Ossuary: 125 daAuts
     D:5: 24 daAuts
